 Dungeon Crawl Stone Soup version 0.30-a0-172-gc5509c9e31 (webtiles) character file.

Game seed: 7436785386409758416

154 ytrimaz the Stinger (level 5, -4/33 HPs)
             Began as an Octopode Transmuter on Oct 1, 2022.
             Slain by an iron imp (6 damage)
             ... summoned by Natasha
             ... on level 3 of the Dungeon.
             The game lasted 00:03:03 (1975 turns).

ytrimaz the Stinger (Octopode Transmuter)           Turns: 1975, Time: 00:03:03

Health: -4/33      AC:  6    Str: 10    XL:     5   Next: 36%
Magic:  5/8        EV: 19    Int: 23    God:
Gold:   74         SH:  0    Dex: 17    Spells: 3/8 levels left

rFire   . . .      SeeInvis .      - Unarmed
rCold   . . .      Faith    .    (shield currently unavailable)
rNeg    . . .      Spirit   .    (helmet currently unavailable)
rPois   x          Reflect  .    (no amulet)
rElec   .          Harm     .    d - +6 ring of intelligence
rCorr   .          Rampage  .    h - +4 ring of slaying
Will    .....                    j - +4 ring of protection
Stlth   ++........               (no ring)
HPRegen 0.25/turn                (no ring)
MPRegen 0.11/turn                (no ring)
                                 (no ring)
                                 (no ring)

@: spider-form
A: venomous fangs, almost no armour, (amphibious), 8 rings, tiny, (camouflage
1), (gelatinous body 1), (nimble swimmer 1), (tentacles)
a: End Transformation


You were on level 3 of the Dungeon.
You were a venomous arachnid creature.
You visited 1 branch of the dungeon, and saw 3 of its levels.

You collected 74 gold pieces.


Innate Abilities, Weirdness & Mutations

You are a venomous arachnid creature.
You have poisonous fangs.
You are tiny and dextrous.
Your spellcasting is less reliable in this form.
Your armour is entirely melded.
You are incapable of wielding weapons or throwing items.
You cannot wear most types of armour.
((You are amphibious.))
You can wear up to eight rings at the same time.
((Your skin changes colour to match your surroundings (Stealth+).))
((Your rubbery body absorbs attacks. (AC +1, EV +1)))
((You are camouflaged when in or above water. (Stealth+)))
((You have tentacles for arms and can constrict up to eight enemies at once.))


   Skills:
 - Level 1.0 Fighting
 - Level 2.0 Dodging
 - Level 3.0 Unarmed Combat
 - Level 2.0 Spellcasting
 - Level 2.0 Transmutations
 + Level 3.3 Ice Magic
 - Level 4.0 Poison Magic


You had 3 spell levels left.
You knew the following spells:

 Your Spells              Type           Power      Damage    Failure   Level
b - Wereblood             Tmut           11%        N/A       22%         2
c - Spider Form           Tmut/Pois      16%        N/A       26%         3

Your spell library contained the following spells:

 Spells                   Type           Power      Damage    Failure   Level
 Beastly Appendage        Tmut           22%        N/A       16%         1
 Call Canine Familiar     Summ           2%         N/A       58%         3
 Portal Projectile        Hex/Tloc       4%         N/A       58%         3
 Ice Form                 Ice/Tmut       14%        N/A       61%         4
 Leda's Liquefaction      Hex/Erth       1%         N/A       90%         4

Inventory:

Jewellery
 d - a +6 ring of intelligence (left front leg)
   (You found it on level 1 of the Dungeon)
 h - a +4 ring of slaying (right front leg)
   (You found it on level 2 of the Dungeon)
 j - a +4 ring of protection (on tentacle)
   (You took it off a hobgoblin on level 2 of the Dungeon)
Scrolls
 f - a scroll of fog
 g - a scroll of enchant weapon {unknown}
 m - a scroll of silence
Potions
 a - a potion of lignification
 b - 5 potions of curing
 c - a potion of cancellation {unknown}
 e - 2 potions of invisibility
 i - 2 potions of degeneration {unknown}
 k - a potion of heal wounds {unknown}

Dungeon Overview and Level Annotations

Branches:
Dungeon (3/15) Zot: 16033

Altars:
Vehumet
Wu Jian

Annotations:
D:3 Natasha

......#####.#
...... #...#
...... #.### .
......###'###
..
............+
...
.8.8........#
....
###.......#
.....
#.....5.#......
#......sw...#
#...........#
######......#
#$.....#
#......#
#..$...#
#..(...#
########


You could see a worm (very poisoned) and an iron imp (summoned).


Message History

There is an open door, spattered with blood here.
Items here: ))) [[ †††††.
Key pressed, stopping explore.
There is an open door here.
Key pressed, stopping explore.
Unknown command. 😎 HP[+1]
Your hp is fully restored (33).
i - a metallic cyan potion Unknown command.
You open the door.
There is an open door here.
Key pressed, stopping explore.
l - a scroll labelled XYM SIBYOKOXI You open the door.
Found an ornate altar of the Wu Jian Council.
m - a scroll of silence
Found a stone staircase leading up.
Blink to where?
Press: ? - help, Dir - move target, f - you Are you sure you want to cancel this blink? [Y]es or [N]o only, please.
Are you sure you want to cancel this blink?
Blink to where?
Press: ? - help, Dir - move target An endoplasm comes into view.
As you read the scroll labelled WAD JOADOVEMO, it crumbles to dust.
It was a scroll of blinking.
Unknown command.
The endoplasm quivers.
You see here a metallic cyan potion.
You tentacle-slap the endoplasm.
You kill the endoplasm!
No target in view!
i - 2 metallic cyan potions (gained 1)
g - a scroll labelled QOSAUL EDENUH You open the door.
A frilled lizard comes into view.
The frilled lizard hisses angrily.
Unknown command.
A frilled lizard is nearby!
As you read the scroll labelled XYM SIBYOKOXI, it crumbles to dust.
It is a scroll of amnesia.
Really abort (and waste the scroll)? [Y]es or [N]o only, please.
Really abort (and waste the scroll)?
Forget Beastly Appendage, freeing 1 spell level for a total of 3?
Your memory of Beastly Appendage unravels.
Unknown command.
You closely miss the frilled lizard. You grab the frilled lizard.
You constrict the frilled lizard. The frilled lizard closely misses you.
You barely miss the frilled lizard. You squeeze the frilled lizard.
You kill the frilled lizard!
No target in view!
There is an open door here.
Unknown command.
No target in view!
Okay, then.
Natasha, Servant of Life and Death comes into view.
Natasha is nearby!
Natasha hisses angrily.
A worm comes into view.
Natasha drinks a potion.
Natasha flickers and vanishes!
Deactivating autopickup; reactivate with Ctrl-A.
Nothing quivered!
You tentacle-slap the worm. You grab the worm. You constrict the worm.
Something claws you. The worm misses you. 😕 HP[-4]
You take 4 damage, and now have 29/33 hp.
Unknown command.
You barely miss something. Your squeeze misses something.
You constrict the worm.
You hear some strange, mumbled words.
The worm bites you! 😮 HP[-8]
You take 8 damage, and now have 21/33 hp.
MASSIVE DAMAGE!! (PAUSE)
Casting: Spider Form (quite dangerous; 11% risk of failure)
Confirm with . or Enter, or press ? or * to list all spells.
The spell is quite dangerous to miscast (11% risk of failure)!
Continue anyway?
You turn into a venomous arachnid creature.
You lose your grip on the worm.
Something claws you but does no damage. 😮 MP[-3]
You lost 3 mp, and now have 5/8 mp.
Unknown command.
You bite the worm!
The worm is poisoned.
Something claws you. The iron imp spits at you. The iron imp hits you!
* * * LOW HITPOINT WARNING * * *
The worm misses you. 😨 HP[-11]
You take 11 damage, and now have 10/33 hp.
MASSIVE DAMAGE!! (PAUSE)
You hit something. Something misses you. The iron imp misses you.
Unknown command.
You hit something. Something closely misses you. The worm bites you!
* * * LOW HITPOINT WARNING * * *
The iron imp hits you.
You die...

Skill      XL: |  1  2  3  4 |
---------------+-------------+-----
Poison Magic   | 1 3 4 |  4.0
Ice Magic      | 3 |  3.3
Fighting       | |  1.0
Dodging        | |  2.0
Unarmed Combat | |  3.0
Spellcasting   | |  2.0
Transmutations | |  2.0

Action                   |  1- 3 |  4- 6 || total
-------------------------+-------+-------++-------
Melee: Unarmed           |    74 |    43 ||   117
       Constrict         |    18 |     4 ||    22
       Tentacles         |    14 |     2 ||    16
       Kick              |     4 |       ||     4
       Punch             |     1 |       ||     1
 Cast: Beastly Appendage |     8 |       ||     8
       Spider Form       |     1 |     3 ||     4
       Wereblood         |       |     1 ||     1
  Use: Scroll            |     7 |     2 ||     9
 Stab: Sleeping          |     7 |     1 ||     8
Armor: Skin              |     9 |     8 ||    17
Dodge: Dodged            |    44 |    37 ||    81

Levels and vault maps discovered:
D:1:      dpeg_arrival_simpleton_c, layout_basic,
          hellmonk_ecumenical_altar_crossroads
D:2:      layout_loops_ring, basic_altar, kennysheep_generic_room_6
D:3:      kennysheep_the_goblin_king, layout_basic, lemuel_round_altar,
          mainiacjoe_overflow_surrounded_room, saegor_snake_ambush, uniq_robin,
          uniq_natasha

Notes
Turn   | Place    | Note
-------+----------+-------------------------------------------
     0 | D:1      | ytrimaz the Octopode Transmuter began the quest for the
                  | Orb.
     0 | D:1      | Reached XP level 1. HP: 13/13 MP: 3/3
     0 | D:1      | magus.rc [v1.9.6]
    33 | D:1      | Found a faded altar of an unknown god.
   264 | D:1      | Reached skill level 1 in Poison Magic
   411 | D:1      | Reached XP level 2. HP: 18/18 MP: 5/5
   445 | D:1      | Reached skill level 2 in Poison Magic
   448 | D:1      | Learned a level 2 spell: Wereblood
   914 | D:2      | Found a radiant altar of Vehumet.
  1006 | D:2      | Reached skill level 3 in Poison Magic
  1006 | D:2      | Reached XP level 3. HP: 23/23 MP: 4/6
  1332 | D:2      | Reached skill level 4 in Poison Magic
  1341 | D:2      | You pick up a book of the Hunter and begin reading...
  1341 | D:2      | You add the spells Call Canine Familiar, Portal Projectile
                  | and Leda's Liquefaction to your library.
  1349 | D:2      | Learned a level 3 spell: Spider Form
  1661 | D:3      | Reached XP level 4. HP: 28/28 MP: 3/7
  1740 | D:3      | Noticed Robin
  1748 | D:3      | Reached skill level 1 in Ice Magic
  1779 | D:3      | Killed Robin
  1780 | D:3      | Reached skill level 2 in Ice Magic
  1788 | D:3      | Noticed a scorpion
  1794 | D:3      | Killed a scorpion
  1795 | D:3      | Reached skill level 3 in Ice Magic
  1795 | D:3      | Reached XP level 5. HP: 20/33 MP: 4/8
  1917 | D:3      | Found an ornate altar of the Wu Jian Council.
  1964 | D:3      | Noticed Natasha
  1975 | D:3      | HP: 2/33 [worm (8)]
  1975 | D:3      | Slain by an iron imp

Vanquished Creatures
  A scorpion (D:3)
  Robin (D:3)
  2 adders
  A worm (D:2)
  A dart slug (D:2)
  7 ball pythons
  5 endoplasms
  3 giant cockroaches
  4 hobgoblins
  3 jackals (D:2)
  2 kobolds
  3 quokkas
  5 bats
  6 frilled lizards
  14 goblins
  3 rats (D:1)
61 creatures vanquished.

Table legend:
 A = Non-vault XP
 B = Vault XP
 C = Vault XP percentage of total XP
 D = Non-vault monster count
 E = Vault monster count
 F = Vault count percentage of total count
                 A         B        C        D         E       F
            +---------+---------+-------+---------+---------+-------
      Total |     180 |      41 |  18.6 |      46 |      15 |  24.6
            +---------+---------+-------+---------+---------+-------
        D:1 |      26 |       0 |   0.0 |      17 |       0 |   0.0
        D:2 |      49 |       4 |   7.5 |      19 |       2 |   9.5
        D:3 |     105 |      37 |  26.1 |      10 |      13 |  56.5
            +---------+---------+-------+---------+---------+-------

Illustrated notes

Table legend:
 A = Kills in this place as a percentage of kills in entire the game.
 B = Kills by you in this place as a percentage of kills by you in the entire game.
 C = Kills by friends in this place as a percentage of kills by friends in the entire game.
 D = Other kills in this place as a percentage of other kills in the entire game.
 E = Experience gained in this place as a percentage of experience gained in the entire game.
 F = Experience gained in this place divided by the number of levels of this place that you have seen.
                   A       B       C       D       E      F
               +-------+-------+-------+-------+-------+----------------------
         Total | 100.0 | 100.0 |   N/A |   N/A | 100.0 |  73.7
       Dungeon | 100.0 | 100.0 |   N/A |   N/A | 100.0 |  73.7
               +-------+-------+-------+-------+-------+----------------------

Table legend: (Time is in decaauts)
 A = Elapsed time spent in this place.
 B = Non-inter-level travel time spent in this place.
 C = Inter-level travel time spent in this place.
 D = Time resting spent in this place.
 E = Time spent auto-exploring this place.
 F = Levels seen in this place.
 G = Mean time per level.
                   A        B        C        D        E       F      G
               +--------+--------+--------+--------+--------+-----+--------+
         Total |   1965 |   1935 |     30 |     37 |   1557 |   3 |  655.0 |
       Dungeon |   1965 |   1935 |     30 |     37 |   1557 |   3 |  655.0 |
               +--------+--------+--------+--------+--------+-----+--------+

Top non-repeatable levels by time:
     D:1: 896 daAuts
     D:2: 732 daAuts
     D:3: 337 daAuts
